 Dungeon Crawl Stone Soup version 0.21-a0-516-gaaff437 (webtiles) character file.

322 Gerstahl the Charlatan (level 6, -1/47 HPs)
             Began as a Demonspawn Artificer on Dec 3, 2017.
             Hit by a stone thrown by an orc warrior (13 damage)
             ... on level 4 of the Dungeon.
             The game lasted 00:07:23 (4417 turns).

Gerstahl the Charlatan (Demonspawn Artificer)       Turns: 4417, Time: 00:07:23

Health: -1/47      AC:  6    Str: 12    XL:     6   Next: 22%
Magic:  9/9        EV: 12    Int: 12    God:
Gold:   195        SH:  0    Dex: 16    Spells: 5/5 levels left

rFire    . . .     SeeInvis .   s - +4 quarterstaff (chaos)
rCold    . . .     Gourm    .   (shield currently unavailable)
rNeg     . . .     Faith    .   b - +0 leather armour
rPois    .         Spirit   .   (no helmet)
rElec    .         Reflect  .   t - +0 cloak
rCorr    .         Harm     .   (no gloves)
MR       .....                  (no boots)
Stlth    +.........             (no amulet)
HPRegen  0.15/turn              (no ring)
MPRegen  0.11/turn              (no ring)

@: no status effects
A: hooves 2, icy blue scales 1
a: no special abilities


You were on level 4 of the Dungeon.
You were not hungry.

You visited 1 branch of the dungeon, and saw 4 of its levels.

You collected 195 gold pieces.

Inventory:

Hand Weapons
 a - a +0 short sword
 s - a +4 quarterstaff of chaos (weapon)
Armour
 b - a +0 leather armour (worn)
 t - a +0 cloak (worn)
Wands
 c - a wand of flame (7)
 d - a wand of enslavement (15)
 e - a wand of random effects (15)
 r - a wand of digging (14)
Scrolls
 g - 2 scrolls of enchant weapon {unknown}
 i - 2 scrolls of fear {unknown}
 j - a scroll of blinking {unknown}
 l - 7 scrolls of identify {unknown}
 n - a scroll of amnesia {unknown}
 p - a scroll of teleportation {unknown}
 q - a scroll of magic mapping {unknown}
Potions
 k - 3 potions of curing {unknown}
 o - a potion of haste {unknown}
 u - 2 potions of flight {unknown}
Comestibles
 f - 5 bread rations
 h - 2 royal jellies
 m - 2 meat rations
 v - 2 chunks of flesh


   Skills:
 + Level 3.6 Fighting
 - Level 2.6 Short Blades
 + Level 1.7 Staves
 - Level 1.7 Dodging
 - Level 0.8 Stealth
 + Level 4.7 Evocations


You had 5 spell levels left.
You didn't know any spells.

Dungeon Overview and Level Annotations

Branches:
Dungeon (4/15)
 Temple: D:4-7

Altars:


Innate Abilities, Weirdness & Mutations

You have hoof-like feet.
You are partially covered in icy blue scales. (AC +2)


Message History

The orc warrior throws a stone.
The stone hits you.
You see here a stone.
The orc warrior throws a stone.
The stone hits you.
Items here: ( ) [ † a stone; a dagger; a robe; an orc corpse The orc wizard gestures at you while chanting.
You resist with some effort.
The orc wizard gestures wildly while chanting.
The orc wizard blinks!
The orc warrior throws a stone.
The stone hits you but does no damage.
You see here a stone.
The orc warrior throws a stone.
The stone barely misses you.
The orc warrior throws a stone.
The stone hits you!
* * * LOW HITPOINT WARNING * * *
You see here a stone.
The orc warrior throws a stone.
The stone barely misses you.
You see here 2 stones.
There is a stone staircase leading up here.
The orc warrior throws a stone.
The stone hits you!
You die...

#### #..###
#....## ##.....#
#......## ###
#.......###...
#......).....
#..@.......#
#..........#
####..(.......##
#.....(..o.....##
....#.(..........#
...
..###..(.........#
... .
#............# #..
#..o.........#
###..
##...........#


You could see an orc warrior and an orc wizard.

Vanquished Creatures
  A hound (D:4)
  Crazy Yiuf (D:2)
  3 orc wizards
  Jessica (D:2)
  A worker ant (D:4)
  3 adders
  An ooze (D:1)
  5 worms
  4 dart slugs
  4 leopard geckos
  3 orcs (D:3)
  6 bats
  4 giant cockroaches
  5 goblins
  4 hobgoblins
  8 jackals
  6 frilled lizards
  7 kobolds
  A quokka skeleton (D:3)
  6 rats
74 creatures vanquished.

Notes
Turn   | Place    | Note
-------+----------+-------------------------------------------
     0 | D:1      | Gerstahl the Demonspawn Artificer began the quest for the Orb.
     0 | D:1      | Reached XP level 1. HP: 15/15 MP: 3/3
   131 | D:1      | Reached skill level 1 in Short Blades
   200 | D:1      | Gained mutation: You are partially covered in icy blue scales. (AC +2) [demonic ancestry]
   200 | D:1      | Reached XP level 2. HP: 19/21 MP: 4/4
   941 | D:1      | Reached XP level 3. HP: 22/27 MP: 5/5
  1518 | D:2      | Found a runed door.
  1761 | D:2      | Reached XP level 4. HP: 22/34 MP: 6/6
  1971 | D:2      | Noticed Jessica
  2003 | D:2      | Killed Jessica
  3001 | D:2      | Noticed Crazy Yiuf
  3008 | D:2      | Killed Crazy Yiuf
  3008 | D:2      | Reached skill level 4 in Evocations
  3008 | D:2      | Gained mutation: You have large cloven feet. [demonic ancestry]
  3008 | D:2      | Reached XP level 5. HP: 19/40 MP: 6/8
  3924 | D:4      | Noticed an orc warrior
  4148 | D:3      | Reached skill level 1 in Staves
  4362 | D:4      | Gained mutation: You have hoof-like feet. [demonic ancestry]
  4362 | D:4      | Reached XP level 6. HP: 41/47 MP: 9/9
  4417 | D:4      | Hit by a stone thrown by an orc warrior

Vault maps used:
D:1:      dpeg_arrival_rooms_a
D:2:      mumra_celtic_spiral_tile, first_bread, uniq_crazy_yiuf_cottage,
          uniq_jessica

Skill      XL: |  1  2  3  4  5 |
---------------+----------------+-----
Short Blades   | 1 2 |  2.6
Fighting       | 2 3 |  3.6
Evocations     | 4 |  4.7
Staves         | 1 |  1.7
Dodging        | |  1.7
Stealth        | |  0.8

Action                   |  1- 3 |  4- 6 || total
-------------------------+-------+-------++-------
Melee: Short sword       |   166 |    60 ||   226
       Quarterstaff      |       |    58 ||    58
       Kick              |       |    12 ||    12
Evoke: Wand              |     2 |     6 ||     8
 Stab: Sleeping          |     3 |     1 ||     4
       Paralysed         |       |     2 ||     2
  Eat: Chunk             |     2 |     8 ||    10
       Fruit             |       |     1 ||     1
Armor: Leather armour    |    29 |    32 ||    61
Dodge: Dodged            |   108 |    55 ||   163

Table legend:
 A = Spawn XP
 B = Non-spawn XP
 C = Spawn XP percentage of total XP
 D = Spawn monster count
 E = Non-spawn monster count
 F = Spawn count percentage of total count
 G = Total turns spent on level
                    A         B        C        D         E        F      G
               +---------+---------+-------+---------+---------+-------+---------
         Total |       0 |     461 |   0.0 |       0 |      74 |   0.0 |  4417
               +---------+---------+-------+---------+---------+-------+---------
           D:1 |       0 |      56 |   0.0 |       0 |      26 |   0.0 |  1323
           D:2 |       0 |     148 |   0.0 |       0 |      23 |   0.0 |  1891
           D:3 |       0 |     127 |   0.0 |       0 |      18 |   0.0 |   864
           D:4 |       0 |     130 |   0.0 |       0 |       7 |   0.0 |   339
               +---------+---------+-------+---------+---------+-------+---------
